 Dungeon Crawl Stone Soup version 0.29-a0-283-ga02f740833 (webtiles) character file.

Game seed: 552647754019636863

1169 spaghetti the Ducker (level 8, -3/78 HPs)
             Began as an Octopode Berserker on Mar 13, 2022.
             Was a Priest of Trog.
             Slain by an ogre
             ... wielding a +0 giant spiked club
              (17 damage)
             ... on level 5 of the Dungeon.
             The game lasted 00:07:15 (4413 turns).

spaghetti the Ducker (Octopode Berserker)           Turns: 4413, Time: 00:07:16

Health: -3/78      AC:  1    Str: 17    XL:     8   Next: 40%
Magic:  0/8        EV: 15    Int:  9    God:    Trog [***...]
Gold:   198        SH:  3    Dex: 13    Spells: 7/7 levels left

rFire   . . .      SeeInvis .   s - +9 scimitar (holy) {long}
rCold   . . .      Faith    .   j - +0 buckler
rNeg    . . .      Spirit   +   l - +0 hat
rPois   .          Reflect  .   k - amulet of guardian spirit
rElec   .          Harm     .   (no ring)
rCorr   .          Rampage  .   (no ring)
Will    .....                   (no ring)
Stlth   ..........              (no ring)
HPRegen 0.23/turn               (no ring)
MPRegen 0.11/turn               (no ring)
                                (no ring)
                                (no ring)

@: berserking, very quick
A: almost no armour, amphibious, 8 rings, camouflage 1, gelatinous body 1,
(nimble swimmer 1), tentacles
a: Renounce Religion, Berserk, Trog's Hand


You were on level 5 of the Dungeon.
You worshipped Trog.
Trog was most pleased with you.
You visited 1 branch of the dungeon, and saw 5 of its levels.

You collected 256 gold pieces.
You spent 58 gold pieces at shops.


Innate Abilities, Weirdness & Mutations

You cannot wear most types of armour.
You are amphibious.
You can wear up to eight rings at the same time.
Your skin changes colour to match your surroundings (Stealth+).
Your rubbery body absorbs attacks. (AC +1, EV +1)
((You are camouflaged when in or above water. (Stealth+)))
You have tentacles for arms and can constrict up to eight enemies at once.


   Skills:
 - Level 3.0 Fighting
 - Level 4.8(6.1) Short Blades
 + Level 5.8(6.6) Long Blades
 + Level 7.3 Dodging


You had 7 spell levels left.
You didn't know any spells.
Your spell library contained the following spells:

 Spells                   Type           Power      Damage    Failure   Level
 Sandblast                Erth           0%         2d4       50%         1
 Sting                    Tmut/Pois      0%         1d3       50%         1
 Passwall                 Tmut/Erth      0%         N/A       63%         2
 Poisonous Vapours        Pois/Air       0%         N/A       63%         2
 Stone Arrow              Conj/Erth      0%         3d7       86%         3
 Tukima's Dance           Hex            0%         N/A       86%         3
 Olgreb's Toxic Radiance  Pois           0%         N/A       99%         4
 Passage of Golubria      Tloc           0%         N/A       99%         4
 Yara's Violent Unravell  Hex/Tmut       0%         3d3       100%        5

Inventory:

Hand Weapons
 a - a +0 falchion {long}
 d - a +2 dagger of venom {short}
   (You took it off a goblin on level 1 of the Dungeon)
 s - a +9 scimitar of holy wrath (weapon) {long}
   (You took it off Blork the orc on level 4 of the Dungeon)
Missiles
 c - 3 boomerangs (quivered) {throwing}
 f - 7 poisoned darts {throwing}
 h - 223 stones {throwing}
Armour
 j - a +0 buckler (worn)
   (You bought it in a shop on level 2 of the Dungeon)
 l - a +0 hat (worn)
   (You found it on level 3 of the Dungeon)
Jewellery
 e - an amulet of magic regeneration {@e2}
   (You found it on level 4 of the Dungeon)
 g - a ring of ice
   (You found it on level 2 of the Dungeon)
 k - an amulet of guardian spirit (around mantle)
   (You found it on level 2 of the Dungeon)
 y - a ring of resist corrosion
   (You found it on level 5 of the Dungeon)
Wands
 p - a wand of digging (4)
   (You took it off a gnoll on level 3 of the Dungeon)
 t - a wand of mindburst (15)
   (You found it on level 4 of the Dungeon)
 w - a wand of flame (19)
   (You took it off Duvessa on level 5 of the Dungeon)
Scrolls
 b - 2 scrolls of noise {!r}
 i - 2 scrolls of teleportation {@r4}
 m - a scroll of fog
 r - a scroll of holy word
 u - 2 scrolls of silence {!r}
 x - a scroll of immolation {!r!r}
 z - a scroll of enchant armour
Potions
 n - 3 potions of curing {@q1}
 o - 2 potions of cancellation
 q - a potion of heal wounds {unknown}
 v - a potion of might {unknown}

Dungeon Overview and Level Annotations

Branches:
Dungeon (5/15)
 Temple: D:4-7

Altars:
Dithmenos
Gozag
Nemelex Xobeh
Okawaru
Wu Jian
Xom
The Shining One

Shops:
D:2

[ #...# #.# ###.#.#.#.
..# #.........# ..
.##.#.#.#.#.##.###.######
....#.# #<..#..#.#.......
###.# #.#...#.##........#
....#.#.#.#.#...........#
....... .........OS#
....... #.#.....@#.......
#.###.###.#.#..#.#.######
........)......#.#.#
.....####.#....#.#.#
.................#.#
.....#####.###.....#
#....# #+# ####### #....#
#....#


You could see an ogre and an adder.


Message History

😎 HP[+11]
Your hp is fully restored (52).
y - a scroll of identify {@r1}
Things that are here:
a +0 war axe {axe}; a +0 plate armour; an orc corpse You see here an iguana corpse.
You now have 186 gold pieces (gained 14).
You see here a quokka corpse.
Key pressed, stopping explore.
There is an open door here.
There is an open door here.
Key pressed, stopping explore.
You see here a +0 chain mail.
Found an escape hatch in the ceiling.
There is an escape hatch in the ceiling here.
You open the door.
There is an open door here.
z - a scroll labelled PUMUNASOEM
As you read the scroll of identify {@r1}, it crumbles to dust.
z - a scroll of enchant armour
Okay, then.
h - 203 stones {throwing} (gained 12)
You now have 198 gold pieces (gained 12).
You open the door.
There is an open door here.
You open the door.
There is an open door here.
You see here a +0 trident {polearm}.
You see here a +0 falchion {long}.
Items here: ))) [.
Key pressed, stopping explore.
y - a ring of resist corrosion A white imp and an orc come into view.
The orc is wielding a +1 vampiric whip.
There are monsters nearby!
You throw a boomerang {throwing}.
The boomerang {throwing} hits the white imp.
The orc shouts!
You throw a boomerang {throwing}.
The boomerang {throwing} hits the white imp but does no damage.
You slash the white imp!
You kill the white imp!
Trog accepts your kill.
You throw a boomerang {throwing}. The boomerang {throwing} hits the orc.
No target in view!
No target in view!
No target in view!
No target in view!
No target in view!
No target in view!
No target in view!
No target in view!
No target in view!
No target in view!
No target in view!
No target in view!
No target in view!
No target in view!
No target in view!
No target in view!
No target in view!
Found 20 stones.
Found a stone staircase leading up.
The orc barely misses you.
You slash the orc!
You kill the orc!
Trog accepts your kill.
You see here a +1 vampiric whip {mace}.
Found a stone staircase leading down.
h - 223 stones {throwing} (gained 20)
A phantom comes into view.
A phantom is nearby!
A phantom is nearby!
A phantom is nearby!
An ogre and an adder come into view.
The phantom misses you.
There is a stone staircase leading down here.
You hit the phantom.
The phantom convulses.
The phantom barely misses you.
You hit the phantom.
The phantom convulses.
Your squeeze misses the phantom. The phantom barely misses you.
The ogre completely misses you.
You closely miss the phantom. Your squeeze misses the phantom.
The phantom barely misses you.
You slash the phantom!
The phantom convulses!!
You destroy the phantom!
Trog accepts your kill.
The ogre hits you with a +0 giant spiked club!!
The adder hisses angrily. 😮 HP[-17] MP[-3]
You take 17 damage, and now have 35/52 hp.
MASSIVE DAMAGE!! (PAUSE)
You lost 3 mp, and now have 5/8 mp.
You hit the ogre.
The ogre hits you with a +0 giant spiked club!!
Ouch! That really hurt!
* * * LOW HITPOINT WARNING * * *
😱 HP[-26] MP[-4]
You take 26 damage, and now have 9/52 hp.
MASSIVE DAMAGE!! (PAUSE)
You lost 4 mp, and now have 1/8 mp.
A red film seems to cover your vision as you go berserk!
You feel yourself moving faster!
You feel mighty!
The ogre hits you with a +0 giant spiked club!!
You die...

Skill      XL: |  1  2  3  4  5  6  7  8 |
---------------+-------------------------+-----
Short Blades   | 2 4 |  4.8
Dodging        | 4 5 6 7 |  7.3
Long Blades    | 5 |  5.8
Fighting       | |  3.0

Action                   |  1- 3 |  4- 6 |  7- 9 || total
-------------------------+-------+-------+-------++-------
Melee: Falchion          |    18 |       |       ||    18
       Constrict         |    10 |    24 |     9 ||    43
       Dagger            |    31 |    81 |       ||   112
       Tentacles         |    12 |    13 |     8 ||    33
       Scimitar          |       |     8 |    41 ||    49
       Punch             |       |     1 |       ||     1
Throw: Dart              |    15 |       |       ||    15
       Boomerang         |       |    29 |    12 ||    41
Invok: Berserk           |     1 |     5 |     3 ||     9
  Use: Scroll            |     2 |     9 |     1 ||    12
       Potion            |       |     1 |       ||     1
 Stab: Sleeping          |     5 |     4 |     1 ||    10
Armor: Skin              |     1 |     1 |     3 ||     5
Dodge: Dodged            |    18 |    51 |    21 ||    90
Block: Buckler           |       |     9 |     2 ||    11

Levels and vault maps discovered:
D:1:      dpeg_arrival_rooms_a, layout_rooms, chequers_ecumenical_altar_island
D:2:      layout_loops_cross, serial_shops, nicolae_diamond_shop,
          kennysheep_generic_room_10
D:3:      layout_loops_ring, uniq_ijyb
D:4:      layout_basic, grunt_temple_overflow_opulence, saegor_snake_ambush,
          uniq_blork_the_orc
D:5:      minmay_chambers_of_fours, layout_basic, doesnt_xom_only_xom,
          led_sif_pool, mainiacjoe_overflow_catwalk, uniq_duvessa

Notes
Turn   | Place    | Note
-------+----------+-------------------------------------------
     0 | D:1      | spaghetti the Octopode Berserker began the quest for the
                  | Orb.
     0 | D:1      | Reached XP level 1. HP: 16/16 MP: 1/1
     0 | D:1      | magus.rc [v1.9.6]
   142 | D:1      | Reached XP level 2. HP: 21/21 MP: 2/2
   237 | D:1      | Found a faded altar of an unknown god.
   332 | D:1      | Reached ** piety under Trog
   333 | D:1      | Reached XP level 3. HP: 23/26 MP: 3/3
   339 | D:1      | Reached skill level 1 in Short Blades
   339 | D:1      | Reached skill level 4 in Dodging
  1100 | D:2      | Reached skill level 2 in Short Blades
  1100 | D:2      | Reached XP level 4. HP: 31/31 MP: 4/4
  1367 | D:2      | Found Jeulylast's Armour Shoppe.
  1386 | D:2      | Bought a +0 buckler for 58 gold pieces
  1921 | D:3      | Noticed Ijyb
  1939 | D:3      | Killed Ijyb
  2220 | D:3      | Reached XP level 5. HP: 33/36 MP: 5/5
  2263 | D:3      | Reached skill level 3 in Short Blades
  2310 | D:3      | You add the spells Tukima's Dance, Passage of Golubria and
                  | Yara's Violent Unravelling to your library.
  2535 | D:3      | You add the spells Sting, Poisonous Vapours and Olgreb's
                  | Toxic Radiance to your library.
  2751 | D:4      | Reached skill level 4 in Short Blades
  2751 | D:4      | Reached XP level 6. HP: 42/42 MP: 4/6
  2755 | D:4      | Reached *** piety under Trog
  2953 | D:4      | Reached skill level 5 in Dodging
  3139 | D:4      | Noticed Blork the orc
  3146 | D:4      | Killed Blork the orc
  3152 | D:4      | You pick up a book of Geomancy {forbidden} and begin
                  | reading...
  3152 | D:4      | You add the spells Sandblast, Passwall and Stone Arrow to
                  | your library.
  3471 | D:4      | Found a sparkling altar of Nemelex Xobeh.
  3476 | D:4      | Reached XP level 7. HP: 46/46 MP: 7/7
  3476 | D:4      | Found an opulent altar of Gozag.
  3568 | D:5      | Entered Level 5 of the Dungeon
  3577 | D:5      | Found a glowing golden altar of the Shining One.
  3589 | D:5      | Found a radiant altar of Vehumet.
  3718 | D:5      | Found a stormy altar of Qazlal.
  3718 | D:5      | Found a shadowy altar of Dithmenos.
  3720 | D:5      | Found a shimmering altar of Xom.
  3720 | D:5      | Found an ornate altar of the Wu Jian Council.
  3720 | D:5      | Found an iron altar of Okawaru.
  3734 | D:5      | Noticed Duvessa
  3741 | D:5      | Noticed Dowan
  3749 | D:5      | Killed Duvessa
  3750 | D:5      | Reached skill level 4 in Long Blades
  3750 | D:5      | Reached skill level 6 in Dodging
  3759 | D:5      | Killed Dowan
  4022 | D:5      | Reached skill level 5 in Long Blades
  4022 | D:5      | Reached XP level 8. HP: 52/52 MP: 8/8
  4124 | D:5      | Reached skill level 7 in Dodging
  4411 | D:5      | HP: 9/52 [ogre/+0 giant spiked club (27)]
  4413 | D:5      | Slain by an ogre

Vanquished Creatures
  Duvessa (D:5)
  An orc warrior (D:5)
  An ice beast (D:5)
  3 phantoms (D:5)
  Blork the orc (D:4)
  Dowan (D:5)
  5 hounds
  3 orc priests
  Ijyb (D:3)
  2 iguanas
  An orc wizard (D:5)
  3 gnolls (D:3)
  8 adders
  2 white imps (D:5)
  2 worms
  A dart slug (D:1)
  8 orcs
  17 ball pythons
  6 endoplasms
  5 giant cockroaches
  10 goblins
  3 hobgoblins
  5 jackals
  3 kobolds
  3 quokkas
  5 bats
  2 frilled lizards (D:1)
  5 rats
108 creatures vanquished.

Table legend:
 A = Non-vault XP
 B = Vault XP
 C = Vault XP percentage of total XP
 D = Non-vault monster count
 E = Vault monster count
 F = Vault count percentage of total count
                 A         B        C        D         E       F
            +---------+---------+-------+---------+---------+-------
      Total |    1009 |     662 |  39.6 |      94 |      14 |  13.0
            +---------+---------+-------+---------+---------+-------
        D:1 |      47 |       0 |   0.0 |      27 |       0 |   0.0
        D:2 |      62 |       0 |   0.0 |      13 |       0 |   0.0
        D:3 |     101 |      36 |  26.3 |      23 |       1 |   4.2
        D:4 |     254 |     120 |  32.1 |      19 |       5 |  20.8
        D:5 |     545 |     506 |  48.1 |      12 |       8 |  40.0
            +---------+---------+-------+---------+---------+-------

Illustrated notes

Table legend:
 A = Kills in this place as a percentage of kills in entire the game.
 B = Kills by you in this place as a percentage of kills by you in the entire game.
 C = Kills by friends in this place as a percentage of kills by friends in the entire game.
 D = Other kills in this place as a percentage of other kills in the entire game.
 E = Experience gained in this place as a percentage of experience gained in the entire game.
 F = Experience gained in this place divided by the number of levels of this place that you have seen.
                   A       B       C       D       E      F
               +-------+-------+-------+-------+-------+----------------------
         Total | 100.0 | 100.0 |   N/A |   N/A | 100.0 | 334.2
       Dungeon | 100.0 | 100.0 |   N/A |   N/A | 100.0 | 334.2
               +-------+-------+-------+-------+-------+----------------------

Table legend: (Time is in decaauts)
 A = Elapsed time spent in this place.
 B = Non-inter-level travel time spent in this place.
 C = Inter-level travel time spent in this place.
 D = Time resting spent in this place.
 E = Time spent auto-exploring this place.
 F = Levels seen in this place.
 G = Mean time per level.
                   A        B        C        D        E       F      G
               +--------+--------+--------+--------+--------+-----+--------+
         Total |   4501 |   4368 |    133 |    734 |   2942 |   5 |  900.2 |
       Dungeon |   4501 |   4368 |    133 |    734 |   2942 |   5 |  900.2 |
               +--------+--------+--------+--------+--------+-----+--------+

Top non-repeatable levels by time:
     D:2: 1063 daAuts
     D:3: 1002 daAuts
     D:5: 874 daAuts
     D:4: 860 daAuts
     D:1: 700 daAuts
